 Dungeon Crawl Stone Soup version 0.19-a0-1532-g228a5d9 (webtiles) character file.

1386 ILIYAK777 the Slasher (level 8, 0/70 HPs)
             Began as a Demigod Fighter on Sept 13, 2016.
             Slain by a killer bee (1 damage)
             ... on level 7 of the Dungeon on Sept 15, 2016.
             The game lasted 01:37:41 (9651 turns).

ILIYAK777 the Slasher (Demigod Fighter)             Turns: 9651, Time: 01:37:44

Health: 0/70       AC: 12    Str: 21    XL:     8   Next: 17%
Magic:  10/10      EV: 11    Int: 19    God:
Gold:   138        SH:  0    Dex: 15    Spells: 0 memorised, 7 levels left

rFire  . . .     SeeInvis .     m - -3 great sword (curse)
rCold  . . .     Gourm    +     i - +0 chain mail
rNeg   . . .     Faith    .     (shield currently unavailable)
rPois  .         Spirit   .     k - +2 hat
rElec  .         Dismiss  .     (no cloak)
rCorr  .         Reflect  .     h - +0 pair of gloves
MR     .....     Harm     .     (no boots)
Stlth  ..........               d - amulet of the gourmand
                                (no ring)
                                s - +3 ring of evasion

@: brilliant, lethally poisoned (0 -> -1), very slightly contaminated, hasted
(expiring), very quick
A: clever 1, high mp 1, weak 1, evolution 1
a: no special abilities


You were on level 7 of the Dungeon.
You were completely stuffed.

You visited 2 branches of the dungeon, and saw 8 of its levels.

You collected 242 gold pieces.
You spent 104 gold pieces at shops.

Inventory:

Hand Weapons
 m - a cursed -3 great sword (weapon)
 o - a +2 quarterstaff of chaos
Armour
 h - a +0 pair of gloves (worn)
 i - a +0 chain mail (worn)
 k - a +2 hat (worn)
Jewellery
 d - an amulet of the gourmand (around neck)
 e - an uncursed ring of ice {unknown}
 s - a +3 ring of evasion (left hand)
Scrolls
 f - a scroll of magic mapping
 l - 4 scrolls of identify
Comestibles
 a - 3 chunks of flesh
 b - a meat ration
 p - a royal jelly


   Skills:
 * Level 6.1 Fighting
   Level 0.5(4.5) Short Blades
 + Level 7.2(7.3) Long Blades
 - Level 3.3 Armour
 - Level 1.6 Dodging
 - Level 0.2 Stealth
   Level 2.7 Shields


You had 7 spell levels left.
You didn't know any spells.

Dungeon Overview and Level Annotations

Branches:
Dungeon (7/15)             Temple (1/1) D:4

Shops:
D:5 }   D:6 }}*![


Innate Abilities, Weirdness & Mutations

You have an increased reservoir of magic. (+10% MP)
Your mind is acute. (Int +2)
You are weak. (Str -2)
You evolve.


Message History

Your extra speed is starting to run out.
The killer bee barely misses you.
* * * LOW HITPOINT WARNING * * *
You feel sick.
The killer bee stings you but does no damage.
Okay, then.
You miss the killer bee.
The killer bee is heavily wounded.
The killer bee closely misses you.
You riposte.
You closely miss the killer bee.
The killer bee is heavily wounded.
The killer bee barely misses you.
You closely miss the killer bee.
The killer bee is almost dead.
The killer bee closely misses you.
You riposte.
You barely miss the killer bee.
The killer bee is moderately wounded.
The killer bee barely misses you.
You riposte.
You miss the killer bee.
The killer bee is almost dead.
The killer bee stings you.
You die...

####.......#
#...........#
...#...#####
#...........#
...#.......#
#...........#
...##'#.####
#...........# ...##.#.#
#...........# #####.#.#
#...........# # #.#.#
#..<........# #
#.#.##################
#####.#........y@.......#
#.....#######..yyy......#
'...........#...........#
#...........#...........#
............#...........#
#####.......#...........#
.....>......#...........#
#.................# #
#......#..........#


You could see 4 killer bees.

Vanquished Creatures
  A phantom (D:6)
  An ogre (D:6)
  2 centaurs
  5 giant frogs
  A scorpion (D:7)
  A killer bee (D:7)
  A crimson imp (D:4)
  2 hounds
  Crazy Yiuf (D:6)
  A jelly (D:5)
  2 giant frog skeletons
  A giant frog zombie (D:4)
  2 iguanas
  2 orc wizards (D:4)
  A statue (D:5)
  2 worker ants
  A killer bee zombie (D:6)
  A worker ant zombie (D:5)
  8 adders
  A shadow imp (D:5)
  2 oozes (D:3)
  3 dart slugs
  3 worms
  5 giant geckos
  11 orcs
  4 giant cockroaches
  8 goblins
  5 hobgoblins
  7 jackals
  9 kobolds
  6 quokkas
  3 ball pythons
  8 bats
  A giant cockroach zombie (D:5)
  9 giant newts
  A quokka skeleton (D:4)
  A quokka zombie (D:6)
  3 rats
  A bush (Temple)
  A plant (Temple)
128 creatures vanquished.

Notes
Turn   | Place    | Note
-------+----------+-------------------------------------------
     0 | D:1      | ILIYAK777 the Demigod Fighter began the quest for the Orb.
     0 | D:1      | Reached XP level 1. HP: 18/18 MP: 3/3
  1091 | D:1      | Reached XP level 2. HP: 23/25 MP: 4/4
  1100 | D:1      | Reached skill level 2 in Long Blades
  1400 | D:1      | Reached skill level 1 in Dodging
  1667 | D:1      | Reached XP level 3. HP: 31/31 MP: 5/5
  2571 | D:2      | Found a snail-covered altar of Cheibriados.
  2703 | D:3      | Reached XP level 4. HP: 38/38 MP: 6/6
  3188 | D:3      | Reached skill level 3 in Long Blades
  3960 | D:4      | Reached XP level 5. HP: 31/45 MP: 7/7
  4241 | D:4      | Found a staircase to the Ecumenical Temple.
  4329 | Temple   | Entered the Ecumenical Temple
  4709 | D:4      | Found an ancient bone altar of Kikubaaqudgha.
  5327 | D:4      | Reached skill level 4 in Long Blades
  5650 | D:4      | Reached XP level 6. HP: 34/52 MP: 8/8
  5765 | D:5      | Entered Level 5 of the Dungeon
  6050 | D:5      | Found a radiant altar of Vehumet.
  6309 | D:5      | Found a stormy altar of Qazlal.
  6764 | D:5      | Found a sparkling altar of Nemelex Xobeh.
  6780 | D:5      | Found a glowing golden altar of the Shining One.
  6947 | D:5      | Found Keol's Quality Used Wands.
  7190 | D:6      | Found Loill's Distillery.
  7205 | D:6      | Bought a potion of ambrosia for 104 gold pieces
  7261 | D:6      | Reached skill level 5 in Long Blades
  7352 | D:6      | Found Fizoc's Antique Armour Shoppe.
  7401 | D:6      | Found Ecwoebuw's General Store.
  7520 | D:6      | Found a runed door.
  7524 | D:6      | Noticed Crazy Yiuf
  7526 | D:6      | Paralysed by Crazy Yiuf for 7 turns
  7538 | D:6      | Killed Crazy Yiuf
  7989 | D:6      | Reached XP level 7. HP: 56/60 MP: 9/9
  8074 | D:6      | Reached skill level 5 in Fighting
  8736 | D:6      | Reached skill level 6 in Long Blades
  8761 | D:6      | Found Xiyb's Gadget Emporium.
  8764 | D:6      | Found Dawnukk's Gadget Shop.
  8850 | D:6      | Found a shimmering altar of Xom.
  9308 | D:7      | Reached XP level 8. HP: 69/70 MP: 10/10
  9416 | D:7      | Reached skill level 7 in Long Blades
  9618 | D:7      | Gained mutation: You evolve. [potion of mutation]
  9618 | D:7      | Gained mutation: You are weak. (Str -2) [potion of mutation]
  9618 | D:7      | Gained mutation: Your mind is acute. (Int +2) [potion of mutation]
  9644 | D:7      | HP: 1/70 [killer bee (6)]
  9651 | D:7      | Slain by a killer bee

Vault maps used:
D:1:      dpeg_arrival_tiny_h
D:2:      kennysheep_slug_shrine
D:3:      gup_sewer_entry_spiral, first_bread
D:4:      lemuel_crystal_altar
D:5:      minitemple, vehumet_statue, lemuel_crystal_altar, interstate_on_off,
          nicolae_for_you_no_charge
D:6:      serial_shops, nicolae_shop_statue_plus, kennysheep_mini, shop, shop,
          shop, tgw_xom, uniq_crazy_yiuf_cottage
D:7:      kennysheep_cluttered_room
Temple:   regret_index_temple_generic_petals

Skill      XL: |  1  2  3  4  5  6  7  8 |
---------------+-------------------------+-----
Fighting       | 3 4 5 6 |  6.1
Long Blades    | 2 3 4 5 6 7 |  7.2
Dodging        | 1 |  1.6
Armour         | 3 |  3.3
Short Blades   | |  0.5
Stealth        | |  0.2
Shields        | |  2.7

Action                   |  1- 3 |  4- 6 |  7- 9 || total
-------------------------+-------+-------+-------++-------
Melee: Long sword        |    99 |   335 |       ||   434
       Dagger            |    44 |       |       ||    44
       Unarmed           |    26 |       |       ||    26
       Whip              |       |    51 |       ||    51
       Great sword       |       |    69 |   129 ||   198
  Use: Scroll            |     3 |     6 |     1 ||    10
       Potion            |       |     4 |     7 ||    11
 Stab: Invisible         |       |       |     1 ||     1
  Eat: Bread ration      |     1 |     2 |       ||     3
       Fruit             |     1 |     2 |       ||     3
       Chunk             |       |     3 |    13 ||    16
       Meat ration       |       |     1 |       ||     1
       Pizza             |       |     1 |       ||     1
       Beef jerky        |       |     1 |       ||     1
Armor: Scale mail        |    68 |     8 |       ||    76
       Chain mail        |       |   172 |    66 ||   238
Dodge: Dodged            |    53 |   103 |   101 ||   257
Block: Shield            |    86 |   116 |       ||   202
